 Dungeon Crawl Stone Soup version 0.31.0-11-ge490571c62 (webtiles) character file.

Game seed: 14681043017011216104

10090 theswoord the Cruncher (level 11, -6/72 HPs)
             Began as a Demonspawn Gladiator on Feb 2, 2024.
             Was a Believer of Hepliaklqana.
             Mangled by a two-headed ogre
             ... wielding a +0 giant club
              (19 damage)
             ... on level 10 of the Dungeon.
             The game lasted 00:17:27 (8233 turns).

theswoord the Cruncher (Demonspawn Gladiator)       Turns: 8233, Time: 00:17:29

Health: -6/72      AC: 17    Str: 20    XL:     11   Next: 31%
Magic:  14/14      EV:  8    Int:  6    God:    Hepliaklqana [**....]
Gold:   373        SH:  0    Dex: 20    Spells: 10/10 levels left

rFire   + . .        u - +4 quarterstaff (chaos)
rCold   . . .        (shield currently unavailable)
rNeg    . . .        C - +0 plate armour
rPois   +            c - +0 helmet
rElec   .            t - scarf {repulsion}
rCorr   .            g - +1 pair of gloves
SInv    +            (no boots)
Will    .....        q - amulet of regeneration Stlth
                     l - ring of see invisible
HPRegen 1.12/turn    i - ring of protection from fire
MPRegen 0.14/turn

%: repel missiles
@: no status effects
A: reduced essence, hooves 1, spiny 2, sharp scales 2, agile 1, poison
resistance, strong 1, teleportitis 1
a: Renounce Religion, Recall Ancestor, Ancestor Identity


You were on level 10 of the Dungeon.
You worshipped Hepliaklqana.
Hepliaklqana was pleased with you.
You visited 2 branches of the dungeon, and saw 11 of its levels.

You collected 373 gold pieces.

Inventory:

Hand Weapons
 a - a +1 quarterstaff
 u - a +4 quarterstaff of chaos (weapon)
Missiles
 e - a javelin
Armour
 b - a +0 leather armour
 c - a +0 helmet (worn)
 g - a +1 pair of gloves (worn)
 t - a scarf of repulsion (worn)
 C - a +0 plate armour (worn)
Jewellery
 i - a ring of protection from fire (right hand)
 l - a ring of see invisible (left hand)
 q - an amulet of regeneration (around neck)
 w - a ring of flight
Talismans
 D - a granite talisman
Wands
 p - a wand of light (11)
 x - a wand of paralysis (13)
 B - a wand of roots (11)
Scrolls
 f - 2 scrolls of poison
 h - 5 scrolls of teleportation
 k - 4 scrolls of enchant armour
 o - a scroll of enchant weapon
 y - 2 scrolls of fear
 G - a scroll of identify
Potions
 d - 3 potions of heal wounds
 j - 2 potions of invisibility
 m - a potion of brilliance
 n - a potion of haste
 r - a potion of curing
 s - 2 potions of enlightenment {unknown}
 v - a potion of cancellation {unknown}
 z - 2 potions of resistance {unknown}
 A - 2 potions of attraction {unknown}
 E - a potion of berserk rage {unknown}
 F - a potion of lignification {unknown}
 H - a potion of degeneration {unknown}


   Skills:
 + Level 5.4 Fighting
 - Level 14.0 Staves
 - Level 1.7 Throwing
 + Level 4.4 Armour
 + Level 5.4 Dodging
 - Level 5.0 Invocations


You had 10 spell levels left.
You didn't know any spells.
Your spell library was empty.

Dungeon Overview and Level Annotations

Branches:
Dungeon (10/15)            Temple (1/1) D:4             Orc (0/2) D:9
   Lair: D:8-11

Altars:
Ashenzari
Cheibriados
Dithmenos
Fedhas
Gozag
Hepliaklqana
Kikubaaqudgha
Makhleb
Nemelex Xobeh
Okawaru
Qazlal
Ru
Sif Muna
Trog
Vehumet
Xom
Yredelemnul

Shops:
D:2 [   D:6 :?   D:10 [


Innate Abilities, Weirdness & Mutations

Your life essence is reduced to manifest your ancestor. (-10% HP)
You have large cloven feet.
You are mostly covered in sharp spines.
You are mostly covered in razor-sharp scales. (AC +2, Slay +2)
You are agile. (Dex +4, Str/Int -1)
Your system is resistant to poisons. (rPois)
Your muscles are strong. (Str +4, Int/Dex -1)
You are occasionally teleported next to monsters.


Message History

There is a stone staircase leading down, spattered with blood here.
You hit the orc wizard. You burn the orc wizard.
The orc wizard is severely wounded.
Nolwazi barely misses the orc wizard.
You barely miss the orc wizard. Your kick misses the orc wizard.
The orc wizard is severely wounded.
The orc wizard barely misses you.
You hit the orc wizard.
You feel better.
You kill the orc wizard!
No target in view!
You climb downwards.
The sixfirhy hits you but does no damage.
The hornet stings you!
You feel yourself slow down. The troll bites you.
The troll claws you but does no damage. The troll barely misses you.
The sixfirhy is struck by your spines.
The sixfirhy hits you but does no damage.
The hornet stings you but does no damage.
The troll is struck by your spines. The troll bites you but does no damage.
The troll claws you. The troll claws you!
The sixfirhy is struck by your spines. The sixfirhy barely misses you.
There is a stone staircase leading up, spattered with blood here.
You feel yourself speed up. The sixfirhy hits you! The sixfirhy shocks you!
The sixfirhy is struck by your spines. The sixfirhy hits you.
* * * LOW HITPOINT WARNING * * *
The sixfirhy shocks you!
* * * LOW HITPOINT WARNING * * *
The hornet is struck by your spines. The hornet stings you!
* * * LOW HITPOINT WARNING * * *
The centaur unwields a +0 orcbow.
The centaur barely misses you.
The centaur kicks you but does no damage.
The kobold demonologist mumbles some strange words.
Nolwazi hits the sixfirhy with a +0 quarterstaff!
The troll bites you but does no damage. The troll claws you.
* * * LOW HITPOINT WARNING * * *
The troll barely misses you.
The two-headed ogre is struck by your spines.
The two-headed ogre hits you but does no damage.
The two-headed ogre hits you with a +0 giant spiked club!!
You die...

#~.. #~.... #~....# #~....#
#~....#
##~....##########################
~~#............cT................
...(...........3@..(....(........
!..............ORy...............
..............o.K................
................5................
.................................
............K........c......(....
.................................
.................................
.................................


You could see the friendly Nolwazi the battlemage, a two-headed ogre, a kobold
demonologist, a troll, a sixfirhy (summoned, ally target), a hornet, a kobold
brigand, 2 centaurs, an orc wizard and an ufetubus (summoned).

Vanquished Creatures
  A two-headed ogre (D:9)
  A boulder beetle (D:9)
  An orange crystal statue (D:9)
  Maggie (D:9)
  A troll (D:9)
  Sigmund (D:6)
  Eustachio (D:5)
  10 yaks
  4 steam dragons
  A vampire mosquito (D:10)
  3 water moccasins
  4 acid dragons
  3 orc warriors
  4 ice beasts
  A black bear (D:4)
  2 ogres
  The ghost of diceflayer the Insei, an amateur DsSh (D:4)
  2 centaurs
  A phantom (D:4)
  Blork the orc (D:5)
  2 bullfrogs
  3 scorpions
  9 wights
  A killer bee (D:10)
  5 howler monkeys
  3 bombardier beetles
  2 jellies (D:6)
  6 hounds
  3 orc priests
  A gnoll bouda (D:7)
  2 iguanas
  3 sleepcaps
  Crazy Yiuf (D:5)
  11 orc wizards
  Robin (D:4)
  7 adders
  5 gnolls
  A shadow imp (D:8)
  2 ufetubi (D:5)
  4 ribbon worms
  6 dart slugs
  26 orcs
  6 ball pythons
  5 endoplasms
  3 giant cockroaches
  5 hobgoblins
  6 jackals
  6 kobolds
  4 quokkas
  7 bats
  A frilled lizard (D:1)
  19 goblins
  3 rats
213 creatures vanquished.

Vanquished Creatures (collateral kills)
  The ghost of Torious the Nimble, a novice DECj of Sif Muna (D:8)
  A wyvern (D:9)
  3 yaks (D:10)
  A vampire mosquito (D:10)
  2 wights
  A jelly (D:8)
  An orc wizard (D:8)
  A gnoll (D:7)
  7 orcs
18 creatures vanquished.

Vanquished Creatures (others)
  A tengu conjurer (D:9)
  An electric eel (D:10)
  2 battlemagi
4 creatures vanquished.

Grand Total: 235 creatures vanquished

Notes
Turn   | Place    | Note
-------+----------+-------------------------------------------
     0 | D:1      | theswoord the Demonspawn Gladiator began the quest for the
                  | Orb.
     0 | D:1      | Reached XP level 1. HP: 16/16 MP: 1/1
    58 | D:1      | Reached skill level 3 in Staves
   110 | D:1      | Gained mutation: You are partially covered in sharp spines.
                  | [demonic ancestry]
   110 | D:1      | Reached XP level 2. HP: 22/22 MP: 2/2
   896 | D:2      | Reached XP level 3. HP: 26/27 MP: 3/3
   925 | D:2      | Found Rureepp's Antique Armour Emporium.
  1101 | D:2      | Reached skill level 4 in Staves
  1333 | D:2      | Found a blossoming altar of Fedhas.
  1588 | D:3      | Found a faded altar of an unknown god.
  1793 | D:3      | Gained mutation: You are mostly covered in sharp spines.
                  | [demonic ancestry]
  1793 | D:3      | Reached XP level 4. HP: 22/33 MP: 4/4
  2335 | D:4      | Reached skill level 5 in Staves
  2335 | D:4      | Noticed Robin
  2349 | D:4      | Killed Robin
  2350 | D:4      | Reached XP level 5. HP: 28/38 MP: 5/5
  2750 | D:4      | Found a runed translucent door.
  2750 | D:4      | Noticed diceflayer's ghost (amateur DsSh)
  2768 | D:4      | Noticed a black bear
  2775 | D:4      | Killed a black bear
  2776 | D:4      | Reached skill level 6 in Staves
  2779 | D:4      | Noticed an acid dragon
  2784 | D:4      | Noticed an ogre
  2787 | D:4      | Gained mutation: You are occasionally teleported next to
                  | monsters. [potion of mutation]
  2787 | D:4      | Gained mutation: You have hidden genetic potential. [potion
                  | of mutation]
  2787 | D:4      | Gained mutation: You are agile. (Dex +4, Str/Int -1)
                  | [potion of mutation]
  3170 | D:5      | Entered Level 5 of the Dungeon
  3170 | D:5      | Noticed an ogre
  3180 | D:5      | Killed an ogre
  3181 | D:5      | Reached XP level 6. HP: 14/44 MP: 6/6
  3314 | D:4      | Reached skill level 7 in Staves
  3329 | D:4      | Gained mutation: Your muscles are strong. (Str +4, Int/Dex
                  | -1) [hidden potential]
  3462 | D:4      | HP: 1/44 [acid dragon (8)]
  3465 | D:4      | Killed an acid dragon
  3466 | D:4      | Gained mutation: You are partially covered in razor-sharp
                  | scales. (AC +1, Slay +1) [demonic ancestry]
  3466 | D:4      | Reached XP level 7. HP: 4/50 MP: 7/7
  3650 | D:4      | Found a staircase to the Ecumenical Temple.
  3674 | Temple   | Entered the Ecumenical Temple
  3720 | Temple   | Became a worshipper of Hepliaklqana the Forgotten
  3938 | D:4      | Reached skill level 8 in Staves
  3984 | D:4      | Killed diceflayer's ghost
  4002 | D:4      | Gained mutation: Your system is resistant to poisons.
                  | (rPois) [hidden potential]
  4002 | D:4      | Lost mutation: You have hidden genetic potential. [hidden
                  | potential expressed]
  4185 | D:5      | Noticed Blork the orc
  4195 | D:5      | Killed Blork the orc
  4209 | D:5      | Noticed Eustachio
  4219 | D:5      | Killed Eustachio
  4220 | D:5      | Reached skill level 9 in Staves
  4220 | D:5      | Gained mutation: You are mostly covered in razor-sharp
                  | scales. (AC +2, Slay +2) [demonic ancestry]
  4220 | D:5      | Reached XP level 8. HP: 56/56 MP: 8/8
  4893 | D:5      | Reached skill level 10 in Staves
  4950 | D:5      | Found a runed translucent door.
  4951 | D:5      | Noticed Crazy Yiuf
  4955 | D:5      | Killed Crazy Yiuf
  5035 | D:6      | Found Temeck's Self-Published Books.
  5039 | D:6      | Reached * piety under Hepliaklqana
  5081 | D:6      | Noticed Sigmund
  5179 | D:6      | Reached skill level 11 in Staves
  5183 | D:6      | Killed Sigmund
  5184 | D:6      | Reached XP level 9. HP: 54/54 MP: 9/9
  5479 | D:6      | Found The Oracle's Delphic Readings.
  5819 | D:7      | Reached skill level 12 in Staves
  5989 | D:7      | Reached ** piety under Hepliaklqana
  5990 | D:7      | Remembered your ancestor Nolwazi as a battlemage
  6116 | D:7      | Found a basalt altar of Yredelemnul.
  6116 | D:7      | Found a sacrificial altar of Ru.
  6270 | D:8      | Reached skill level 13 in Staves
  6345 | D:8      | Gained mutation: You have large cloven feet. [demonic
                  | ancestry]
  6345 | D:8      | Reached XP level 10. HP: 48/60 MP: 10/10
  6542 | D:8      | Found a large runed translucent door.
  6542 | D:8      | Found a large runed translucent door.
  6543 | D:8      | Noticed Torious's ghost (novice DECj)
  6898 | D:8      | Killed Torious's ghost
  6899 | D:8      | Reached skill level 14 in Staves
  6996 | D:9      | Noticed an orange crystal statue
  6999 | D:9      | Noticed Maggie
  7007 | D:9      | Killed an orange crystal statue
  7008 | D:9      | Reached skill level 1 in Armour
  7008 | D:9      | Reached skill level 1 in Invocations
  7023 | D:9      | Killed Maggie
  7056 | D:9      | Identified the +2 leather armour of the Trilobite {rPois
                  | rF+ SInv Stlth-}
  7244 | D:9      | Found a staircase to the Orcish Mines.
  7697 | D:10     | Entered Level 10 of the Dungeon
  7733 | D:10     | Reached XP level 11. HP: 69/69 MP: 14/14
  7791 | D:10     | Reached skill level 5 in Invocations
  7866 | D:10     | Found Tarhunz's Dragon-Slaying Spoils.
  7881 | D:10     | Noticed a two-headed ogre
  7933 | D:10     | Noticed a two-headed ogre
  7941 | D:9      | Killed a two-headed ogre
  7983 | D:10     | Noticed a boulder beetle
  8151 | D:9      | Reached skill level 5 in Fighting
  8151 | D:9      | Reached skill level 5 in Dodging
  8180 | D:9      | Killed a boulder beetle
  8227 | D:10     | Noticed a sixfirhy
  8233 | D:10     | Mangled by a two-headed ogre

Skill      XL: |  1  2  3  4  5  6  7  8  9 10 11 |
---------------+----------------------------------+-----
Staves         | 3 4 5 6 7 9 11 13 14 | 14.0
Armour         | 3 4 |  4.4
Dodging        | 4 5 |  5.4
Invocations    | 4 5 |  5.0
Fighting       | 4 5 |  5.4
Throwing       | |  1.7

Action                     |  1- 3 |  4- 6 |  7- 9 | 10-12 || total
---------------------------+-------+-------+-------+-------++-------
  Melee: Quarterstaff      |    84 |    73 |   199 |   151 ||   507
         Kick              |       |       |       |    57 ||    57
  Throw: Throwing net      |       |     3 |       |       ||     3
 Invoke: Recall Ancestor   |       |       |     3 |     1 ||     4
         Ancestor Life: Ba |       |       |     1 |       ||     1
    Use: Scroll            |     6 |     4 |     1 |     2 ||    13
         Potion            |       |     4 |       |     2 ||     6
   Stab: Sleeping          |     3 |       |     2 |       ||     5
         Distracted        |       |       |     2 |       ||     2
         Invisible         |       |       |       |     3 ||     3
         Paralysed         |       |       |       |     3 ||     3
         Confused          |       |       |       |     1 ||     1
         Held in net/web   |       |       |       |     1 ||     1
 Armour: Leather armour    |    38 |    42 |    79 |       ||   159
         Skin              |       |       |     7 |       ||     7
         Plate armour      |       |       |    17 |   182 ||   199
  Dodge: Dodged            |    43 |    36 |    99 |    96 ||   274
         Repelled          |       |       |       |     2 ||     2

Levels and vault maps discovered:
D:1:      dpeg_arrival_boxes_within_box, layout_basic
D:2:      layout_loops_ring, basic_altar, serial_shops, nicolae_diamond_shop
D:3:      layout_basic, hellmonk_ecumenical_altar_heavens_door
D:4:      wad_crossroads, layout_rooms, lemuel_coloured_pillars_altar,
          minmay_temple_entry_drinking_statues, hellmonk_ghost_happy_afterlife,
          uniq_robin
D:5:      layout_basic, grunt_ministairs_2, grunt_tough_drop,
          uniq_crazy_yiuf_cottage, uniq_eustachio, uniq_blork_the_orc
D:6:      layout_gridville, hangedman_abyss_or_decor_jellyfish_corner,
          nicolae_custom_books, nicolae_nh_oracle_at_delphi, uniq_sigmund
D:7:      layout_rooms, nicolae_overflow_hidden_temple
D:8:      layout_basic, ebering_ghost_disaster_area
D:9:      layout_basic, minmay_orc_entry_temple_small, minivault_16, uniq_maggie
D:10:     cheibrodos_ideogram_h, layout_cross, marbit_many_paths,
          nicolae_shop_dragon_depot, hive_lemuel
Temple:   regret_index_temple_generic_petals
